 Dungeon Crawl Stone Soup version 0.19.0-2-gae57169 (webtiles) character file.

114 Gingerlord the Covered (level 5, 0/57 HPs)
             Began as a Human Wanderer on Nov 7, 2016.
             Slain by a two-headed ogre
             ... wielding a +0 giant club
              (15 damage)
             ... on level 3 of the Dungeon.
             The game lasted 00:06:23 (2674 turns).

Gingerlord the Covered (Human Wanderer)             Turns: 2674, Time: 00:06:24

Health: 0/57       AC: 22    Str: 14    XL:     5   Next: 18%
Magic:  8/8        EV:  2    Int: 12    God:
Gold:   135        SH:  6    Dex: 12    Spells: 0 memorised, 8 levels left

rFire  . . .     SeeInvis .     b - +0 whip
rCold  . . .     Gourm    .     (armour currently unavailable)
rNeg   + + +     Faith    .     p - +2 buckler
rPois  +         Spirit   .     (helmet currently unavailable)
rElec  .         Reflect  .     (cloak currently unavailable)
rCorr  +         Harm     .     (gloves currently unavailable)
MR     .....     NoTele   +     (boots currently unavailable)
Stlth  +.........               (no amulet)
                                (no ring)
                                s - ring of resist corrosion

@: tree-form, very slightly contaminated, invisible
A: no striking features
a: no special abilities


You were on level 3 of the Dungeon.
You were not hungry.
You were a tree.
You visited 1 branch of the dungeon, and saw 3 of its levels.

You collected 135 gold pieces.

Inventory:

Hand Weapons
 b - a +0 whip (weapon)
Armour
 a - a +2 scale mail (melded)
 c - a +2 hat (melded)
 p - a +2 buckler (worn)
 q - a +0 chain mail
Jewellery
 s - a ring of resist corrosion (left branch)
Wands
 o - a wand of lightning (4/15)
Scrolls
 e - a scroll of magic mapping
 i - a scroll of identify {unknown}
 j - a scroll of immolation {unknown}
 m - a scroll of enchant weapon {unknown}
 n - 2 scrolls of remove curse {unknown}
Potions
 k - a potion of lignification
 l - a potion of agility {unknown}
 t - a potion of might {unknown}
 v - a potion of flight {unknown}
 w - a potion of resistance {unknown}
Comestibles
 d - 3 bread rations
 f - 2 meat rations
 r - 2 slices of pizza
 u - 2 beef jerkies


   Skills:
 + Level 2.0 Fighting
 + Level 2.4 Maces & Flails
 - Level 1.0 Throwing
 + Level 3.7 Armour
 + Level 1.9 Dodging
 + Level 1.5 Shields
 - Level 2.0 Spellcasting
   Level 1.0 Summonings


You had 8 spell levels left.
You didn't know any spells.

Dungeon Overview and Level Annotations

Branches:
Dungeon (3/15)

Altars:
Ashenzari
Kikubaaqudgha
Sif Muna
Vehumet


Message History

You swing at nothing.
The jackal bites you but does no damage. x2
The two-headed ogre hits you with a giant club!
* * * LOW HITPOINT WARNING * * *
The two-headed ogre barely misses you.
Okay, then.
You hit the two-headed ogre but do no damage.
The two-headed ogre is heavily wounded.
You feel less invigorated.
You feel less confused.
The jackal bites you but does no damage.
You hit the two-headed ogre.
The two-headed ogre is severely wounded.
The jackal bites you but does no damage.
The two-headed ogre barely misses you. x2
The jackal bites you but does no damage.
You hit the two-headed ogre.
The two-headed ogre is severely wounded.
The two-headed ogre hits you with a giant club!
You die...

#########* #........* ##........*
#########.........* ***##**
#.>.........######* *,<.,,*
##.###.....################.##..*
#.###.##......O♣hh..##........#*
##..##.#..########........$.....,
....#..#.## *#.................,
###......****#..#.>...##########*
**#...##,,,.......#### *
##.....##..,.....### *
..,#.#.#...#....#* *** *
###..#....#..###* *,*****
##.....O....##*##### ***,,,,,,


You could see a two-headed ogre and 2 jackals.

Vanquished Creatures
  3 adders
  3 worms
  3 dart slugs
  A leopard gecko (D:3)
  An orc (D:3)
  10 bats
  5 giant cockroaches
  9 goblins
  5 hobgoblins
  7 jackals (D:3)
  8 kobolds
  2 quokkas
  3 ball pythons
  2 frilled lizards (D:3)
  7 rats
69 creatures vanquished.

Notes
Turn   | Place    | Note
-------+----------+-------------------------------------------
     0 | D:1      | Gingerlord the Human Wanderer began the quest for the Orb.
     0 | D:1      | Gingerlord set off with: a +2 scale mail, 10 poisoned needles, a +0 blowgun, a bread ration
     0 | D:1      | Reached XP level 1. HP: 15/15 MP: 3/3
    79 | D:1      | Reached XP level 2. HP: 18/21 MP: 5/5
   250 | D:1      | Reached skill level 1 in Dodging
   254 | D:1      | Reached XP level 3. HP: 20/26 MP: 6/6
  1452 | D:2      | Reached XP level 4. HP: 32/32 MP: 7/7
  1792 | D:2      | Found a shattered altar of Ashenzari.
  2161 | D:3      | Found an ancient bone altar of Kikubaaqudgha.
  2172 | D:3      | Found a deep blue altar of Sif Muna.
  2176 | D:3      | Found a radiant altar of Vehumet.
  2187 | D:3      | Identified Sif Muna's Grimoire of Beguiling
  2227 | D:3      | Reached XP level 5. HP: 36/38 MP: 8/8
  2386 | D:3      | Noticed a two-headed ogre
  2674 | D:3      | Slain by a two-headed ogre

Skill      XL: |  1  2  3  4 |
---------------+-------------+-----
Dodging        | 1 |  1.9
Maces & Flails | 2 |  2.4
Fighting       | 2 |  2.0
Throwing       | |  1.0
Armour         | |  3.7
Shields        | |  1.5
Spellcasting   | |  2.0
Summonings     | |  1.0

Action                   |  1- 3 |  4- 6 || total
-------------------------+-------+-------++-------
Melee: Whip              |   141 |   272 ||   413
  Use: Potion            |       |     3 ||     3
       Scroll            |       |     1 ||     1
  Eat: Chunk             |     2 |     4 ||     6
Armor: Scale mail        |    80 |   131 ||   211
       Skin              |       |    18 ||    18
Dodge: Dodged            |    77 |   134 ||   211
Block: Buckler           |       |    71 ||    71
